NYP
CHICAGO (NYP) WHITE SOX @ STATEN ISLAND YANKEES
09/12/2046
 
TOP OF THE 1ST
Chicago (NYP) White Sox batting - Pitching for Staten Island Yankees : RHP Ken Howington
Pitching: RHP Ken Howington
Batting: LHB Adam Tarbutton 0-0: Ball
1-0: Called Strike
1-1: Foul Ball, location: 2F
1-2: Foul Ball, location: 2F
1-2: Strikes out swinging
Batting: RHB Russ Cornett 0-0: Ball
1-0: Ball
2-0: Ground out 5-3 (Groundball, 5L, EV 88.8 MPH)
Batting: SHB Alfie Bungledorf 0-0: Called Strike
0-1: Fly out, F8 (Flyball, 8LD, EV 93.8 MPH)
Top of the 1st over - 0 runs, 0 hits, 0 errors, 0 left on base; Chicago (NYP) 0 - Staten Island 0
BOTTOM OF THE 1ST
Staten Island Yankees batting - Pitching for Chicago (NYP) White Sox : LHP Juan Fuentes
Pitching: LHP Juan Fuentes
Batting: RHB Francisco Vargas 0-0: Called Strike
0-1: Ball
1-1: Ground out 5-3 (Groundball, 5S, EV 89.4 MPH)
Batting: RHB Brian Warren 0-0: Ball
1-0: Ground out 6-3 (Groundball, 6, EV 102.5 MPH)
Batting: SHB Josh Parker 0-0: Ball
1-0: Called Strike
1-1: Foul Ball, location: 2F
1-2: Ball
2-2: Foul Ball, location: 2F
2-2: Ground out 6-3 (Groundball, 6, EV 109.4 MPH)
Bottom of the 1st over - 0 runs, 0 hits, 0 errors, 0 left on base; Chicago (NYP) 0 - Staten Island 0
TOP OF THE 2ND
Chicago (NYP) White Sox batting - Pitching for Staten Island Yankees : RHP Ken Howington
Batting: RHB Adan Lake 0-0: Ball
1-0: Ball
2-0: Called Strike
2-1: Foul Ball, location: 2F
2-2: Ball
3-2: SINGLE (Groundball, 4, EV 101.9 MPH)
Batting: SHB Curtis Thompson 0-0: Called Strike
0-1: Ball
1-1: Called Strike
1-2: Ball
2-2: Fielders Choice at 2nd, 4-6 (Groundball, 4, EV 100.6 MPH)
Batting: RHB Scott Schwartz 0-0: Called Strike
0-1: SINGLE (Line Drive, 8RS, EV 102.5 MPH)
Curtis Thompson to second
Batting: RHB David Clark 0-0: Called Strike
Curtis Thompson steals 3rd base
Scott Schwartz to second
0-1: Ball
1-1: Ball
2-1: Ball
3-1: Foul Ball, location: 2F
3-2: Foul Ball, location: 2F
3-2: Ground out 3-1 (Groundball, 34S, EV 66.9 MPH)
Curtis Thompson scores
Scott Schwartz to third
Batting: RHB Armando Vazquez 0-0: Ball
1-0: Called Strike
1-1: Called Strike
1-2: Foul Ball, location: 2F
1-2: Ball
2-2: Strikes out swinging
Top of the 2nd over - 1 run, 2 hits, 0 errors, 1 left on base; Chicago (NYP) 1 - Staten Island 0
BOTTOM OF THE 2ND
Staten Island Yankees batting - Pitching for Chicago (NYP) White Sox : LHP Juan Fuentes
Batting: RHB Mike Zern 0-0: Called Strike
0-1: Ball
1-1: Called Strike
1-2: Ball
2-2: Foul Ball, location: 2F
2-2: Strikes out swinging
Batting: RHB Pat Pemberton 0-0: Ball
1-0: Ball
2-0: Swinging Strike
2-1: Swinging Strike
2-2: Ball
3-2: Base on Balls
Batting: SHB Adam Slade 0-0: Fly out, F7 (Flyball, 7D, EV 101.2 MPH)
Batting: LHB Joe Vida 0-0: Ball
1-0: Called Strike
1-1: Ball
2-1: Foul Ball, location: 2F
2-2: Strikes out looking
Bottom of the 2nd over - 0 runs, 0 hits, 0 errors, 1 left on base; Chicago (NYP) 1 - Staten Island 0
TOP OF THE 3RD
Chicago (NYP) White Sox batting - Pitching for Staten Island Yankees : RHP Ken Howington
Batting: RHB Ioan Biros 0-0: Ground out 1-3 (Groundball, 15S, EV 69.4 MPH)
Batting: LHB Adam Tarbutton 0-0: Ball
1-0: Called Strike
1-1: Ball
2-1: Ball
3-1: Foul Ball, location: 2F
3-2: Base on Balls
Batting: RHB Russ Cornett 0-0: Ball
Adam Tarbutton steals 2nd base
1-0: SINGLE (Groundball, 6S, EV 66.2 MPH) (infield hit)
Adam Tarbutton to third
Batting: SHB Alfie Bungledorf 0-0: Called Strike
0-1: Foul Ball, location: 2F
0-2: Fielders Choice at 2nd, 4-6 (Groundball, 4, EV 87.5 MPH)
Adam Tarbutton scores
Batting: RHB Adan Lake 0-0: Ball
Alfie Bungledorf steals 2nd base
1-0: Fly out, F9 (Line Drive, 9, EV 93.8 MPH)
Top of the 3rd over - 1 run, 1 hit, 0 errors, 1 left on base; Chicago (NYP) 2 - Staten Island 0
BOTTOM OF THE 3RD
Staten Island Yankees batting - Pitching for Chicago (NYP) White Sox : LHP Juan Fuentes
Batting: RHB Nick Murray 0-0: Called Strike
0-1: Foul Ball, location: 2F
0-2: DOUBLE (Line Drive, 78XD, EV 100.6 MPH)
Batting: RHB Alex Blanco 0-0: Swinging Strike
0-1: Foul Ball, location: 2F
0-2: Ball
1-2: Ball
2-2: DOUBLE (Line Drive, 7LS, EV 99.4 MPH)
Nick Murray scores
Batting: RHB Francisco Vargas 0-0: Ball
1-0: Ball
2-0: Called Strike
2-1: Swinging Strike
2-2: Strikes out swinging
Batting: RHB Brian Warren 0-0: SINGLE (Groundball, 56D, EV 98.8 MPH)
Alex Blanco to third
Runner from 3rd tries for Home, throw by LF and OUT! 7-2
Brian Warren to second
Batting: SHB Josh Parker 0-0: Foul Ball, location: 2F
0-1: Ball
1-1: Ball
Passed Ball!
Brian Warren to third
2-1: Foul Ball, location: 2F
2-2: Strikes out swinging
Bottom of the 3rd over - 1 run, 3 hits, 0 errors, 1 left on base; Chicago (NYP) 2 - Staten Island 1
TOP OF THE 4TH
Chicago (NYP) White Sox batting - Pitching for Staten Island Yankees : RHP Ken Howington
Batting: SHB Curtis Thompson 0-0: Ball
1-0: Swinging Strike
1-1: Foul Ball, location: 2F
1-2: Ball
2-2: Strikes out looking
Batting: RHB Scott Schwartz 0-0: Ball
1-0: Ball
2-0: Foul Ball, location: 2F
2-1: Swinging Strike
2-2: Ground out 4-3 (Groundball, 4, EV 78.1 MPH)
Batting: RHB David Clark 0-0: Called Strike
0-1: Ball
1-1: Foul Ball, location: 2F
1-2: DOUBLE (Flyball, 8LXD, EV 95.6 MPH)
Batting: RHB Armando Vazquez 0-0: Ball
1-0: Fly out, F9 (Flyball, 9LSF, EV 92.5 MPH)
Top of the 4th over - 0 runs, 1 hit, 0 errors, 1 left on base; Chicago (NYP) 2 - Staten Island 1
BOTTOM OF THE 4TH
Staten Island Yankees batting - Pitching for Chicago (NYP) White Sox : LHP Juan Fuentes
Batting: RHB Mike Zern 0-0: Ball
1-0: Foul Ball, location: 2F
1-1: Ball
2-1: Swinging Strike
2-2: Foul Ball, location: 2F
2-2: Strikes out swinging
Batting: RHB Pat Pemberton 0-0: Ball
1-0: Ball
2-0: SINGLE (Groundball, 4MD, EV 101.9 MPH)
Batting: SHB Adam Slade 0-0: Called Strike
0-1: Foul Ball, location: 2F
0-2: Foul Ball, location: 2F
0-2: Grounds into double play, 6-4-3 (Groundball, 6, EV 88.8 MPH)
Bottom of the 4th over - 0 runs, 1 hit, 0 errors, 0 left on base; Chicago (NYP) 2 - Staten Island 1
TOP OF THE 5TH
Chicago (NYP) White Sox batting - Pitching for Staten Island Yankees : RHP Ken Howington
Batting: RHB Ioan Biros 0-0: Ball
1-0: Ball
2-0: Foul Ball, location: 2F
2-1: Ball
3-1: Base on Balls
Batting: LHB Adam Tarbutton 0-0: Ball
1-0: Called Strike
1-1: Fly out, F4 (Line Drive, 4, EV 70.6 MPH)
Batting: RHB Russ Cornett 0-0: Called Strike
0-1: Foul Ball, location: 2F
0-2: Foul Ball, location: 2F
0-2: Ball
1-2: Ball
2-2: Foul Ball, location: 2F
2-2: Foul Ball, location: 2F
2-2: Reached on error, E1 (Groundball, P, EV 70.0 MPH)
Ioan Biros to second
Batting: SHB Alfie Bungledorf 0-0: SINGLE (Line Drive, 78M, EV 98.8 MPH)
Ioan Biros to third
Russ Cornett to second
Batting: RHB Adan Lake 0-0: Ball
1-0: Grounds into fielders choice 4-2 (Groundball, 4, EV 77.5 MPH)
Russ Cornett to third
Alfie Bungledorf to second
Batting: SHB Curtis Thompson 0-0: Ball
1-0: Swinging Strike
1-1: Called Strike
1-2: Ball
2-2: Foul Ball, location: 2F
2-2: Ball
3-2: Ground out U3 (Groundball, 23, EV 83.8 MPH)
Top of the 5th over - 0 runs, 1 hit, 1 error, 3 left on base; Chicago (NYP) 2 - Staten Island 1
BOTTOM OF THE 5TH
Staten Island Yankees batting - Pitching for Chicago (NYP) White Sox : LHP Juan Fuentes
Batting: LHB Joe Vida 0-0: Called Strike
0-1: Ball
1-1: DOUBLE (Line Drive, 8LXD, EV 105.6 MPH)
Batting: RHB Nick Murray 0-0: Foul Ball, location: 2F
0-1: Swinging Strike
0-2: Ball
1-2: Ball
2-2: Strikes out swinging
Batting: RHB Alex Blanco 0-0: Hit by Pitch
Batting: RHB Francisco Vargas 0-0: Ball
1-0: Swinging Strike
1-1: Ball
2-1: Swinging Strike
2-2: Foul Ball, location: 2F
2-2: SINGLE (Groundball, 6MD, EV 108.8 MPH)
Joe Vida to third
Alex Blanco to second
Runner from 3rd tries for Home, SAFE, throw by CF to home
Pitching: LHP Jose Andujar
Batting: RHB Brian Warren 0-0: Called Strike
0-1: Ball
1-1: Called Strike
1-2: Strikes out swinging
Batting: SHB Josh Parker 0-0: Ball
1-0: Ball
2-0: Swinging Strike
2-1: Foul Ball, location: 2F
2-2: Ball
3-2: Ground out 5-3 (Groundball, 25, EV 87.5 MPH)
Bottom of the 5th over - 1 run, 2 hits, 0 errors, 2 left on base; Chicago (NYP) 2 - Staten Island 2
TOP OF THE 6TH
Chicago (NYP) White Sox batting - Pitching for Staten Island Yankees : RHP Ken Howington
Batting: RHB Scott Schwartz 0-0: Fly out, F7 (Flyball, 7D, EV 97.5 MPH)
Batting: RHB David Clark 0-0: Called Strike
0-1: Ball
1-1: Ball
2-1: Foul Ball, location: 2F
2-2: Foul Ball, location: 2F
2-2: Foul Ball, location: 2F
2-2: Fly out, F3 (Line Drive, 3, EV 62.5 MPH)
Batting: RHB Armando Vazquez 0-0: Ball
1-0: Foul Ball, location: 2F
1-1: DOUBLE (Groundball, 5L, EV 103.1 MPH)
Batting: RHB Ioan Biros 0-0: Ball
1-0: Swinging Strike
1-1: Ball
2-1: Called Strike
2-2: TRIPLE (Line Drive, 89XD, EV 105.0 MPH)
Armando Vazquez scores
Batting: LHB Adam Tarbutton 0-0: Swinging Strike
0-1: Swinging Strike
0-2: Ball
1-2: SINGLE (Groundball, 25, EV 68.1 MPH) (infield hit)
Ioan Biros scores
Batting: RHB Russ Cornett 0-0: Ball
Adam Tarbutton steals 2nd base
1-0: Ball
2-0: Ball
3-0: Base on Balls
Batting: SHB Alfie Bungledorf 0-0: Foul Ball, location: 2F
0-1: Fly out, F7 (Flyball, 78S, EV 87.5 MPH)
Top of the 6th over - 2 runs, 3 hits, 0 errors, 2 left on base; Chicago (NYP) 4 - Staten Island 2
BOTTOM OF THE 6TH
Staten Island Yankees batting - Pitching for Chicago (NYP) White Sox : LHP Jose Andujar
Batting: RHB Mike Zern 0-0: Foul Ball, location: 2F
0-1: Ball
1-1: Foul Ball, location: 2F
1-2: Ball
2-2: Ball
3-2: SOLO HOME RUN (Flyball, 78XD, EV 111.2 MPH), Distance : 426 ft
Batting: RHB Pat Pemberton 0-0: Foul Ball, location: 2F
0-1: Swinging Strike
0-2: Ball
1-2: Foul Ball, location: 2F
1-2: Strikes out looking
Batting: SHB Adam Slade 0-0: Ball
1-0: Fly out, F7 (Flyball, 7, EV 83.8 MPH)
Batting: LHB Joe Vida 0-0: Swinging Strike
0-1: Foul Ball, location: 2F
0-2: Ground out 6-3 (Groundball, 6, EV 100.0 MPH)
Bottom of the 6th over - 1 run, 1 hit, 0 errors, 0 left on base; Chicago (NYP) 4 - Staten Island 3
TOP OF THE 7TH
Chicago (NYP) White Sox batting - Pitching for Staten Island Yankees : RHP Ken Howington
Pitching: RHP Nate LaCava
Batting: RHB Adan Lake 0-0: Ball
1-0: Ball
2-0: Swinging Strike
2-1: SINGLE (Groundball, 56D, EV 106.9 MPH)
Batting: SHB Curtis Thompson 0-0: Fly out, F8 (Flyball, 8LD, EV 100.0 MPH)
Batting: RHB Scott Schwartz 0-0: SINGLE (Line Drive, 8RS, EV 101.9 MPH)
Adan Lake to second
Batting: RHB David Clark 0-0: SINGLE (Line Drive, 7S, EV 85.0 MPH)
Adan Lake to third
Scott Schwartz to second
Batting: RHB Armando Vazquez 0-0: Foul Ball, location: 2F
0-1: Called Strike
0-2: Ball
1-2: Ball
2-2: Foul Ball, location: 2F
2-2: Grounds into fielders choice 5-2 (Groundball, 56S, EV 78.1 MPH)
Scott Schwartz to third
David Clark to second
Batting: RHB Ioan Biros 0-0: Called Strike
0-1: DOUBLE (Line Drive, 8RD, EV 98.8 MPH)
Scott Schwartz scores
David Clark scores
Armando Vazquez to third
Runner from 3rd tries for Home, SAFE, no throw by CF
Batting: LHB Adam Tarbutton 0-0: Ball
1-0: Ball
2-0: Reached on error, E5 (Groundball, 5, EV 106.2 MPH)
Ioan Biros to third
Pitching: LHP John Stull
Batting: RHB Russ Cornett 0-0: Ball
1-0: SINGLE (Groundball, 56D, EV 98.1 MPH)
Ioan Biros scores
Adam Tarbutton to second
Batting: SHB Alfie Bungledorf 0-0: Called Strike
0-1: Ball
1-1: Ball
2-1: SINGLE (Groundball, 56D, EV 97.5 MPH)
Adam Tarbutton to third
Russ Cornett to second
Runner from 3rd tries for Home, SAFE, throw by LF to home
Batting: RHB Adan Lake 0-0: Ground out 5-3 (Groundball, 56S, EV 83.8 MPH)
Top of the 7th over - 5 runs, 6 hits, 1 error, 2 left on base; Chicago (NYP) 9 - Staten Island 3
BOTTOM OF THE 7TH
Staten Island Yankees batting - Pitching for Chicago (NYP) White Sox : LHP Jose Andujar
Batting: RHB Nick Murray 0-0: Swinging Strike
0-1: Called Strike
0-2: Strikes out swinging
Batting: RHB Alex Blanco 0-0: Ball
1-0: Called Strike
1-1: Foul Ball, location: 2F
1-2: Ball
2-2: Foul Ball, location: 2F
2-2: Ground out 1-3 (Groundball, P, EV 68.8 MPH)
Batting: RHB Francisco Vargas 0-0: Ball
1-0: Fly out, F9 (Flyball, 9D, EV 84.4 MPH)
Bottom of the 7th over - 0 runs, 0 hits, 0 errors, 0 left on base; Chicago (NYP) 9 - Staten Island 3
TOP OF THE 8TH
Chicago (NYP) White Sox batting - Pitching for Staten Island Yankees : LHP John Stull
Batting: SHB Curtis Thompson 0-0: Called Strike
0-1: Ball
1-1: Ball
2-1: Ball
3-1: Called Strike
3-2: Base on Balls
Batting: RHB Scott Schwartz 0-0: Ball
Curtis Thompson steals 2nd base
1-0: Ball
2-0: Foul Ball, location: 2F
2-1: Foul Ball, location: 2F
2-2: Ball
3-2: Foul Ball, location: 2F
3-2: Base on Balls
Pitching: RHP Bobby McDonnell
Batting: RHB David Clark 0-0: Ball
1-0: Called Strike
1-1: Ball
2-1: Ball
3-1: DOUBLE (Flyball, 8RXD, EV 99.4 MPH)
Curtis Thompson scores
Scott Schwartz to third
Batting: RHB Armando Vazquez 0-0: Called Strike
0-1: Foul Ball, location: 2F
0-2: Ball
1-2: Strikes out swinging
Batting: RHB Ioan Biros 0-0: Swinging Strike
0-1: Ball
Wild Pitch!
Scott Schwartz scores
David Clark to third
1-1: Ball
2-1: Ball
3-1: Base on Balls
Batting: LHB Adam Tarbutton 0-0: Ball
1-0: SINGLE (Line Drive, 89S, EV 104.4 MPH)
David Clark scores
Ioan Biros to second
Batting: RHB Russ Cornett 0-0: Called Strike
0-1: Swinging Strike
0-2: Ball
1-2: Ball
2-2: Foul Ball, location: 2F
2-2: Strikes out swinging
Pitching: LHP Jon Moore
Batting: SHB Alfie Bungledorf 0-0: Ball
1-0: TRIPLE (Flyball, 78XD, EV 95.6 MPH)
Ioan Biros scores
Adam Tarbutton scores
Batting: RHB Adan Lake 0-0: Foul Ball, location: 2F
0-1: Ball
1-1: Foul Ball, location: 2F
1-2: Ball
2-2: Ball
3-2: Foul Ball, location: 2F
3-2: SINGLE (Flyball, 34D, EV 91.9 MPH)
Alfie Bungledorf scores
Batting: SHB Curtis Thompson 0-0: Ball
1-0: Called Strike
1-1: Foul Ball, location: 2F
1-2: Foul Ball, location: 2F
1-2: Ball
2-2: Foul Ball, location: 2F
2-2: Ball
3-2: Foul Ball, location: 2F
3-2: DOUBLE (Flyball, 8LXD, EV 107.5 MPH)
Adan Lake to third
Adan Lake scores
Pitching: RHP Brad Wren
Batting: RHB Scott Schwartz Balk!
Curtis Thompson to third
0-0: Ball
1-0: Called Strike
1-1: SINGLE (Groundball, 6MD, EV 105.6 MPH)
Curtis Thompson scores
Batting: RHB David Clark 0-0: Ball
1-0: Called Strike
1-1: Swinging Strike
1-2: Ball
2-2: Strikes out swinging
Top of the 8th over - 8 runs, 6 hits, 0 errors, 1 left on base; Chicago (NYP) 17 - Staten Island 3
BOTTOM OF THE 8TH
Staten Island Yankees batting - Pitching for Chicago (NYP) White Sox : LHP Jose Andujar
Pitching: RHP Matt Cronin
Batting: RHB Brian Warren 0-0: Called Strike
0-1: Called Strike
0-2: Ground out 4-3 (Groundball, 4, EV 82.5 MPH)
Pinch Hitting: RHB Daniel Underhay 0-0: Foul Ball, location: 2F
0-1: Ball
1-1: SINGLE (Groundball, 4MD, EV 100.6 MPH)
Pinch Hitting: RHB Matt Thompson 0-0: Grounds into double play, 6-4-3 (Groundball, 6, EV 78.8 MPH)
Bottom of the 8th over - 0 runs, 1 hit, 0 errors, 0 left on base; Chicago (NYP) 17 - Staten Island 3
TOP OF THE 9TH
Chicago (NYP) White Sox batting - Pitching for Staten Island Yankees : RHP Brad Wren
Now at 1B: Daniel Underhay
Now at 2B: Tyler West
Batting: RHB Armando Vazquez 0-0: Ball
1-0: Ball
2-0: Ball
3-0: Called Strike
3-1: Called Strike
3-2: Fly out, F9 (Flyball, 9S, EV 89.4 MPH)
Pinch Hitting: RHB Joe Myers 0-0: Ball
1-0: Swinging Strike
1-1: Foul Ball, location: 2F
1-2: Foul Ball, location: 2F
1-2: Foul Ball, location: 2F
1-2: Foul Ball, location: 2F
1-2: Ball
2-2: Foul Ball, location: 2F
2-2: Ball
3-2: Foul Ball, location: 2F
3-2: Foul Ball, location: 2F
3-2: SINGLE (Flyball, 9LS, EV 92.5 MPH)
Batting: LHB Adam Tarbutton 0-0: Ball
Wild Pitch!
Joe Myers to second
1-0: Ball
2-0: Ball
3-0: Called Strike
3-1: Foul Ball, location: 2F
3-2: Foul Ball, location: 2F
3-2: Foul Ball, location: 2F
3-2: Foul Ball, location: 2F
3-2: Ground out 6-3 (Groundball, 6M, EV 103.1 MPH)
Joe Myers to third
Batting: RHB Russ Cornett 0-0: Called Strike
0-1: Foul Ball, location: 2F
0-2: Foul Ball, location: 2F
0-2: Ball
1-2: Foul Ball, location: 2F
1-2: Ball
Wild Pitch!
Joe Myers scores
2-2: Ball
3-2: Reached on error, E6 (Groundball, 6, EV 86.9 MPH)
Pitching: RHP Ben Jennings
Batting: SHB Alfie Bungledorf 0-0: Ball
1-0: Ball
2-0: Ball
Balk!
Russ Cornett to third
3-0: Base on Balls
Batting: RHB Adan Lake 0-0: Called Strike
0-1: Ground out 5-3 (Groundball, 5S, EV 81.2 MPH)
Top of the 9th over - 1 run, 1 hit, 1 error, 2 left on base; Chicago (NYP) 18 - Staten Island 3
BOTTOM OF THE 9TH
Staten Island Yankees batting - Pitching for Chicago (NYP) White Sox : RHP Matt Cronin
Now at C: Joe Myers
Pinch Hitting: LHB Mike Schermerhorn 0-0: Ball
1-0: SOLO HOME RUN (Flyball, 9D, EV 100.0 MPH), Distance : 359 ft
Batting: SHB Adam Slade 0-0: Ball
1-0: Swinging Strike
1-1: Foul Ball, location: 2F
1-2: Hit by Pitch
Batting: LHB Joe Vida 0-0: Ball
1-0: Ball
2-0: Grounds into double play, 4-6-3 (Groundball, 34, EV 104.4 MPH)
Batting: RHB Nick Murray 0-0: Called Strike
0-1: Ball
1-1: Ball
2-1: Foul Ball, location: 2F
2-2: Foul Ball, location: 2F
2-2: Fly out, F8 (Flyball, 8LM, EV 96.2 MPH)
Bottom of the 9th over - 1 run, 1 hit, 0 errors, 0 left on base; Chicago (NYP) 18 - Staten Island 4
Tuesday, September 13th , 2022 - OOTP Baseball 23.7 Build 88